 Dungeon Crawl Stone Soup version 0.30-a0-358-g0d69a1922f (webtiles) character file.

Game seed: 9669671859352820202

17696 zishaf the Dancer (level 12, -9/67 HPs)
             Began as a Vine Stalker Brigand on Nov 10, 2022.
             Was a Believer of Uskayaw.
             Mangled by a six-headed hydra (10 damage)
             ... in a Gauntlet.
             The game lasted 00:25:01 (10568 turns).

zishaf the Dancer (Vine Stalker Brigand)           Turns: 10568, Time: 00:25:02

Health: -9/67      AC:  9    Str: 18    XL:     12   Next: 50%
Magic:  0/22       EV: 15    Int: 11    God:    Uskayaw [**....]
Gold:   556        SH:  9    Dex: 23    Spells: 11/11 levels left

rFire   . . .      SeeInvis .    a - +2 short sword (elec)
rCold   . . .      Faith    .    N - +3 warlock's mirror {reflect}
rNeg    . . .      Spirit   +    P - +0 troll leather armour
rPois   .          Reflect  +    G - +0 helmet
rElec   .          Harm     .    c - +0 cloak
rCorr   .          Rampage  .    l - +1 pair of gloves
Will    +....      NoTele   +    x - +0 pair of boots
Stlth   ++++......               r - amulet of regeneration
HPRegen 2.71/turn                C - +4 ring of evasion
MPRegen 0.18/turn                I - +6 ring of dexterity

@: slowed, very slow
A: fangs 3, regeneration 1, magic shield, antimagic bite, no potion heal 2
a: Renounce Religion, Stomp, Line Pass


You were in a Gauntlet.
You worshipped Uskayaw.
Uskayaw was pleased with you.
You visited 2 branches of the dungeon, and saw 13 of its levels.
You also visited: Sewer, Ossuary and Gauntlet.

You collected 586 gold pieces.
You spent 30 gold pieces at shops.

Inventory:

Hand Weapons
 a - a +2 short sword of electrocution (weapon)
 b - a +3 short sword of venom
 i - the +7 Throatcutter {drain, coup de grace}
   (You found it on level 10 of the Dungeon)

   A truly terrible weapon, it drains the life of any living foe it strikes.
   It may instantly kill foes which have little health.
Missiles
 d - 58 poisoned darts (quivered)
 e - 8 curare-tipped darts
 B - 4 throwing nets
 O - 2 boomerangs
Armour
 c - a +0 cloak (worn)
 j - a +0 ring mail
 l - a +1 pair of gloves (worn)
 t - the +2 robe "Lennihupp" {rC++ Int+4 Stlth-}
   (You found it on level 5 of the Dungeon)

   Int:       It affects your intelligence (+4).
   rC:        It greatly protects you from cold.
   Stlth:     It makes you less stealthy.
 u - a +1 hat
 x - a +0 pair of boots (worn)
 y - a +0 robe
 G - a +0 helmet (worn)
 N - the +3 warlock's mirror (worn) {reflect}
   (You acquired it on level 8 of the Dungeon)

   It can block and reflect piercing ranged attacks and magical attacks against
   the wielder's willpower.
 P - a +0 troll leather armour (worn)
Jewellery
 r - an amulet of regeneration (around neck)
 C - a +4 ring of evasion (left hand)
 I - a +6 ring of dexterity (right hand)
 T - a ring of protection from fire
 U - a ring of protection from cold
Wands
 k - a wand of charming (4)
 w - a wand of roots (20)
 D - a wand of polymorph (9)
 E - a wand of mindburst (17)
 F - a wand of digging (9)
Scrolls
 f - a scroll of vulnerability
 q - 3 scrolls of magic mapping
 s - 3 scrolls of enchant weapon
 A - 2 scrolls of teleportation
 M - a scroll of poison
 S - a scroll of enchant armour
Potions
 g - 2 potions of berserk rage
 h - 10 potions of curing
 m - 4 potions of flight
 n - 4 potions of mutation
 o - 3 potions of lignification
 p - 2 potions of brilliance
 v - 2 potions of cancellation
 z - 4 potions of haste
 H - 2 potions of attraction
 J - a potion of invisibility
 Q - a potion of ambrosia {unknown}
 R - a potion of magic {unknown}


   Skills:
 + Level 10.1 Fighting
 - Level 6.0(6.4) Short Blades
 + Level 3.4(5.2) Long Blades
 - Level 2.0 Throwing
 - Level 1.0 Dodging
 - Level 8.0 Stealth
 + Level 5.6 Shields
 * Level 12.7 Invocations
 - Level 3.0 Evocations


You had 11 spell levels left.
You didn't know any spells.
Your spell library contained the following spells:

 Spells                   Type           Power      Damage    Failure   Level
 Shock                    Conj/Air       0%         1d3       50%         1
 Slow                     Hex            0%         N/A       50%         1
 Sting                    Tmut/Pois      0%         1d3       50%         1
 Summon Small Mammal      Summ           0%         N/A       50%         1
 Blink                    Tloc           0%         N/A       63%         2
 Ensorcelled Hibernation  Hex/Ice        0%         N/A       63%         2
 Momentum Strike          Conj/Tloc      0%         3d8       63%         2
 Poisonous Vapours        Pois/Air       0%         N/A       63%         2
 Call Canine Familiar     Summ           0%         N/A       86%         3
 Confusing Touch          Hex            0%         N/A       86%         3
 Ignite Poison            Fire/Tmut/Pois 0%         N/A       86%         3
 Kindle Blastsparks       Fire/Tloc/Air  0%         2d10      86%         3
 Lesser Beckoning         Tloc           0%         N/A       86%         3
 Spider Form              Tmut/Pois      0%         N/A       86%         3
 Summon Guardian Golem    Hex/Summ       0%         N/A       86%         3
 Vampiric Draining        Necr           0%         2d6       86%         3
 Airstrike                Air            0%         2d(0-16)  99%         4
 Anguish                  Hex/Necr       0%         N/A       99%         4
 Cause Fear               Hex            0%         N/A       99%         4
 Olgreb's Toxic Radiance  Pois           0%         N/A       99%         4
 Freezing Cloud           Conj/Ice/Air   0%         6-21      100%        5


Dungeon Overview and Level Annotations

Branches:
Dungeon (12/15)            Temple (0/1) D:5            Lair (1/5) D:11
  Sewer (visited)         Ossuary (visited)         Gauntlet (1/1)
    Orc: D:9-12

Altars:
Ashenzari
Gozag
Kikubaaqudgha
Qazlal
Trog
Uskayaw
Wu Jian
Yredelemnul
Zin
The Shining One

Shops:
D:1 !!*::   D:2 ?   D:9 *   D:10 (   D:11 *

Annotations:
D:1 dig shop Gauntlet 11 transporters


Innate Abilities, Weirdness & Mutations

You have razor-sharp teeth.
Your natural rate of healing is unusually fast.
When hurt, damage is shared between your health and your magic reserves.
Your bite disrupts and absorbs the magic of your enemies.
Potions cannot restore your health.


Message History

You drain its power.
You feel invigorated.
The six-headed hydra is lightly wounded.
The six-headed hydra bites you! x2
You block the six-headed hydra's attack.
The six-headed hydra misses you.
The six-headed hydra closely misses you.
The six-headed hydra barely misses you.
You hit the six-headed hydra.
Lightning courses through the six-headed hydra!
Your bite misses the six-headed hydra.
The six-headed hydra is heavily wounded.
The six-headed hydra bites you but does no damage.
The six-headed hydra bites you!
The six-headed hydra completely misses you.
The six-headed hydra bites you.
The six-headed hydra bites you but does no damage.
The six-headed hydra bites you!
* * * LOW HITPOINT WARNING * * *
You can now pass through a line of other dancers.
You hit the six-headed hydra.
Lightning courses through the six-headed hydra!!
The six-headed hydra is severely wounded.
You block the six-headed hydra's attack.
The six-headed hydra bites you!
* * * LOW HITPOINT WARNING * * *
The six-headed hydra bites you but does no damage.
The six-headed hydra bites you!
* * * LOW HITPOINT WARNING * * *
You block the six-headed hydra's attack.
The six-headed hydra bites you but does no damage.
You puncture the six-headed hydra! You bite the six-headed hydra.
You drain its power.
You feel invigorated.
The six-headed hydra is almost dead.
The six-headed hydra bites you!
* * * LOW HITPOINT WARNING * * *
The six-headed hydra closely misses you. x2
You block the six-headed hydra's attack.
The six-headed hydra bites you but does no damage.
The six-headed hydra bites you!
You die...

........#≈#§#≈#≈#≈#§#≈##
.8..∩......§.........§≈#
.©......8.....8.....8.##
#######.......©.......§#
......#...#########..§##
###...#...#.#.#..##..§§#
.#....#...##.#w##.#..§##
©#.5#.#...##.##D.##...≈#
#####.#.8.#.#.©#@##.8.##
.#..#.#...#.##..#.#...§#
.#....#...##..###.#...##
#.#..5#...##!.©=[##...≈#
.©?=5p#...#########...##
#######.....#.©.#.....≈#
.©.#....8...#.8.#...8.##
...#........#.©.#......##
.©.#.....###########...≈#


You could see a six-headed hydra and a torpor snail.

Vanquished Creatures
  2 boulder beetles
  4 two-headed ogres
  2 ugly things
  A gargoyle (D:10)
  2 unseen horrors
  4 trolls
  A hornet (D:9)
  4 wraiths
  23 yaks
  3 wyverns
  Grum (D:8)
  A vampire (D:12)
  5 steam dragons
  Edmund (D:6)
  3 water moccasins
  5 orc warriors
  3 ice beasts
  2 sky beasts
  2 ogres
  3 wolves (D:8)
  6 centaurs (D:11)
  9 kobold brigands
  4 bullfrogs
  2 necrophages
  A gnoll sergeant (D:10)
  2 scorpions
  3 water moccasin zombies (Ossuary)
  5 wights (D:6)
  16 killer bees
  A howler monkey (D:11)
  3 hounds
  7 orc priests
  6 jellies
  3 gnoll boudas
  2 iguanas (D:5)
  15 orc wizards
  Natasha (thrice) (D:4)
  2 mummies (Ossuary)
  23 gnolls
  7 adders
  2 river rats (Sewer)
  3 ufetubi
  3 adder zombies (Ossuary)
  5 worms
  A dart slug (D:5)
  34 orcs
  5 ball pythons
  5 bats
  10 endoplasms
  3 giant cockroaches
  7 hobgoblins
  4 jackals (D:5)
  23 kobolds
  5 quokkas
  A frilled lizard (D:2)
  4 gnoll zombies (Ossuary)
  11 goblins
  7 hobgoblin zombies (Ossuary)
  4 kobold zombies (Ossuary)
  8 orc zombies (Ossuary)
  7 rats
344 creatures vanquished.

Vanquished Creatures (others)
  A yak (D:10)
  A kobold brigand (D:10)
  A gnoll sergeant (D:10)
  An orc wizard (D:10)
4 creatures vanquished.

Grand Total: 348 creatures vanquished

Notes
Turn   | Place    | Note
-------+----------+-------------------------------------------
     0 | D:1      | zishaf the Vine Stalker Brigand began the quest for the
                  | Orb.
     0 | D:1      | Reached XP level 1. HP: 11/11 MP: 2/2
     6 | D:1      | Found Lunn's General Store.
   156 | D:1      | Found Quq Amy's Book Emporium.
   158 | D:1      | Found Emalicio's Book Emporium.
   211 | D:1      | Reached skill level 1 in Dodging
   211 | D:1      | Reached XP level 2. HP: 15/15 MP: 3/3
   236 | D:1      | Reached skill level 5 in Stealth
   327 | D:1      | Found Niaff's Distillery.
   682 | D:1      | Found Fiohaoti's Distillery.
   727 | D:1      | Bought a potion of curing for 30 gold pieces
   791 | D:2      | Reached XP level 3. HP: 18/18 MP: 4/4
   854 | D:2      | Found Pacoracvadgh's Magic Scroll Emporium.
  1540 | D:3      | Found a glowing drain.
  1545 | D:3      | Gained mutation: Your natural rate of healing is unusually
                  | fast. [Vine Stalker growth]
  1545 | D:3      | Reached XP level 4. HP: 23/23 MP: 5/5
  1561 | Sewer    | Entered a sewer
  1582 | Sewer    | Noticed a kobold brigand
  1595 | Sewer    | Killed a kobold brigand
  1596 | Sewer    | Reached XP level 5. HP: 28/28 MP: 4/6
  1746 | Sewer    | Noticed a kobold brigand
  1766 | Sewer    | Killed a kobold brigand
  1793 | Sewer    | Noticed a kobold brigand
  1813 | Sewer    | Killed a kobold brigand
  1814 | Sewer    | Reached XP level 6. HP: 33/33 MP: 5/7
  1944 | Sewer    | Reached XP level 7. HP: 38/38 MP: 8/8
  2113 | Sewer    | Reached skill level 5 in Fighting
  2113 | Sewer    | Reached skill level 5 in Short Blades
  2397 | D:3      | Found a bloodstained altar of Trog.
  2574 | D:4      | Got Surhippi's Directory of the Oath and Gusts
  2721 | D:4      | Noticed Natasha
  2725 | D:4      | Killed Natasha
  2911 | D:4      | Noticed Natasha
  2917 | D:4      | Killed Natasha
  3003 | D:4      | Noticed Natasha
  3013 | D:4      | Killed Natasha
  3046 | D:4      | Found a stormy altar of Qazlal.
  3048 | D:4      | Noticed a fire elemental
  3049 | D:4      | Noticed an air elemental
  3049 | D:4      | Noticed a water elemental
  3127 | D:4      | Reached skill level 1 in Evocations
  3153 | D:4      | Found a hide-covered altar of Uskayaw.
  3323 | D:4      | Became a worshipper of Uskayaw the Reveller
  3378 | D:5      | Entered Level 5 of the Dungeon
  3434 | D:5      | Found a broken altar of Ashenzari.
  3438 | D:5      | Reached * piety under Uskayaw
  3447 | D:5      | Gained mutation: You have razor-sharp teeth. [Vine Stalker
                  | growth]
  3447 | D:5      | Reached XP level 8. HP: 42/44 MP: 5/9
  3447 | D:5      | Reached ** piety under Uskayaw
  3535 | D:5      | Reached skill level 1 in Invocations
  3560 | D:5      | Found a staircase to the Ecumenical Temple.
  3616 | D:5      | Identified the +2 robe "Lennihupp" {rC++ Int+4 Stlth-}
  3824 | D:5      | Reached skill level 2 in Invocations
  3824 | D:5      | Reached *** piety under Uskayaw
  3841 | D:5      | Reached **** piety under Uskayaw
  3850 | D:5      | Reached ***** piety under Uskayaw
  4431 | D:6      | Reached skill level 3 in Invocations
  4590 | D:6      | Reached skill level 4 in Invocations
  4625 | D:6      | Found an ancient bone altar of Kikubaaqudgha.
  4656 | D:6      | Reached XP level 9. HP: 48/49 MP: 13/13
  4687 | D:6      | Reached skill level 5 in Invocations
  4768 | D:6      | Found a glowing golden altar of the Shining One.
  4804 | D:6      | Identified the +3 flail "Lifebane" {flame, Contam *Noise
                  | rPois rN+++}
  4888 | D:6      | Noticed Edmund
  4901 | D:6      | Killed Edmund
  5034 | D:7      | Reached skill level 6 in Invocations
  5059 | D:7      | Found a glowing silver altar of Zin.
  5061 | D:7      | Found a basalt altar of Yredelemnul.
  5514 | D:7      | Reached skill level 7 in Invocations
  5616 | D:7      | Reached XP level 10. HP: 53/55 MP: 13/16
  6067 | D:8      | Noticed Grum
  6091 | D:8      | Reached skill level 8 in Invocations
  6097 | D:8      | Killed Grum
  6151 | D:8      | Found a sand-covered staircase.
  6159 | Ossuary  | Entered an ossuary
  6479 | D:8      | Noticed a two-headed ogre
  6551 | D:8      | Killed a two-headed ogre
  6552 | D:8      | Reached skill level 9 in Invocations
  6727 | D:8      | Found an opulent altar of Gozag.
  6898 | D:8      | Found an ornate altar of the Wu Jian Council.
  7047 | D:8      | Identified a scroll of acquirement
  7047 | D:8      | Acquired the +3 warlock's mirror {reflect}
  7047 | D:8      | Found the +3 warlock's mirror {reflect}
  7147 | D:9      | Reached skill level 1 in Shields
  7323 | D:9      | Reached XP level 11. HP: 43/60 MP: 16/19
  7324 | D:9      | Reached skill level 10 in Invocations
  7677 | D:9      | Found Lydab's General Store.
  7881 | D:10     | Entered Level 10 of the Dungeon
  8023 | D:10     | Reached ****** piety under Uskayaw
  8024 | D:10     | Reached skill level 11 in Invocations
  8133 | D:10     | Noticed a two-headed ogre
  8142 | D:10     | Killed a two-headed ogre
  8182 | D:10     | Found the +7 Throatcutter {drain, coup de grace}
  8234 | D:10     | Noticed a two-headed ogre
  8288 | D:10     | Killed a two-headed ogre
  8402 | D:10     | Found Eluank's Antique Weapon Emporium.
  8744 | D:10     | Noticed a two-headed ogre
  8767 | D:10     | Reached skill level 1 in Long Blades
  8787 | D:10     | Killed a two-headed ogre
  8795 | D:10     | Reached XP level 12. HP: 66/67 MP: 16/21
  8803 | D:10     | Reached skill level 12 in Invocations
  9451 | D:11     | Found Zin's Purification Station.
  9451 | D:11     | Found a glowing silver altar of Zin.
  9642 | D:10     | Reached skill level 5 in Shields
  9769 | D:11     | Found a staircase to the Lair.
  9819 | D:11     | Reached skill level 10 in Fighting
  9883 | D:11     | Noticed a boulder beetle
  9922 | D:11     | Killed a boulder beetle
 10303 | D:12     | Noticed a boulder beetle
 10318 | D:12     | Killed a boulder beetle
 10367 | D:12     | Noticed an ogre mage
 10372 | D:12     | Noticed a two-headed ogre
 10407 | Lair:1   | Entered Level 1 of the Lair of Beasts
 10407 | Lair:1   | Found a gate leading to a gauntlet.
 10412 | Gauntlet | Entered a Gauntlet
 10412 | Gauntlet | Found a transporter.
 10415 | Gauntlet | Found a transporter.
 10416 | Gauntlet | Found a transporter.
 10420 | Gauntlet | Found a transporter.
 10427 | Gauntlet | Found a transporter.
 10427 | Gauntlet | Found a transporter.
 10428 | Gauntlet | Noticed a balrug
 10429 | Gauntlet | Found a transporter.
 10432 | Gauntlet | Found a transporter.
 10497 | Gauntlet | Found a transporter.
 10498 | Gauntlet | Found a transporter.
 10502 | Gauntlet | Found a transporter.
 10506 | Gauntlet | Noticed a large abomination
 10520 | Gauntlet | Found a transporter.
 10546 | Gauntlet | Noticed a six-headed hydra
 10568 | Gauntlet | HP: 1/67 [six-headed hydra (10)]
 10568 | Gauntlet | Mangled by a six-headed hydra

Illustrated notes

Levels and vault maps discovered:
D:1:      ebering_trefoil_3fold, layout_loops_ring, serial_shops, shop,
          nicolae_shop_waterfront, nicolae_shop_statue_plus, shop, shop,
          hex_tiny, minmay_pentomino_v4
D:2:      layout_rooms, serial_shops, shop_statue, serial_forest,
          infiniplex_forest_straight_2, infiniplex_forest_straight_4,
          infiniplex_forest_straight_2, infiniplex_forest_clump_diagonal,
          infiniplex_forest_clump_curved, infiniplex_forest_lined_3_way,
          chequers_serial_rivers_large_b
D:3:      layout_rooms, trog_hazing_becter, portal_sewer_entry_f
D:4:      layout_loops_ring, nicolae_qazlal_style_of_elements,
          nicolae_uskayaw_suspiria, minivault_11, uniq_natasha
D:5:      layout_basic, lemuel_tele_altar, minmay_temple_entry_proselytizer,
          kennysheep_generic_room_6
D:6:      layout_cave_pools, mainiacjoe_overflow_concentric_impassable,
          mainiacjoe_overflow_alcove_2, uniq_edmund
D:7:      layout_basic, jmf_multi_god_temple
D:8:      layout_loops_ring, nzn_wu_jian_council_hall,
          mainiacjoe_overflow_tiny_flanked,
          lightli_ossuary_entry_decrepit_ruins, solitary_fountain, uniq_grum
D:9:      layout_loops_cross, serial_shops, shop
D:10:     layout_layer_cave, nicolae_stop_n_shop_2, grunt_ministairs_2,
          onia_ninara_cookie
D:11:     layout_cross, zin_purify
D:12:     layout_cave_pools, hiddenorc2_lemuel
Lair:1:   layout_cave_shapes, gauntlet_entry_generic,
          nicolae_lair_grazing_beasts [nicolae_sub_lair_graze_edge,
          nicolae_sub_lair_graze_edge, nicolae_sub_lair_graze_edge,
          nicolae_sub_lair_graze_edge]
Gauntlet: minmay_gauntlet_mixed_oops_all_seconds
          [minmay_gauntlet_arena_77_tiled_triplets,
          nicolae_gauntlet_arena_t_cross, minmay_gauntlet_arena_77_mess,
          nicolae_gauntlet_swirl, minmay_gauntlet_arena_77_hold_the_fort,
          gammafunk_gauntlet_arena_mazey, gauntlet_exit_hidden_loot]

Skill      XL: |  1  2  3  4  5  6  7  8  9 10 11 12 |
---------------+-------------------------------------+-----
Dodging        | 1 |  1.0
Fighting       | 2 3 4 5 6 7 8 9 10 | 10.1
Short Blades   | 2 3 4 5 6 |  6.0
Stealth        | 5 6 8 |  8.0
Throwing       | 2 |  2.0
Evocations     | 1 2 3 |  3.0
Invocations    | 4 7 9 11 12 | 12.7
Shields        | 2 4 5 |  5.6
Long Blades    | 1 3 |  3.4

Action                   |  1- 3 |  4- 6 |  7- 9 | 10-12 || total
-------------------------+-------+-------+-------+-------++-------
Melee: Dagger            |    10 |       |       |       ||    10
       Bite              |    20 |    17 |    97 |   192 ||   326
       Short sword       |    78 |    80 |   407 |   446 ||  1011
       Punch             |     1 |       |     5 |     4 ||    10
       Long sword        |       |       |       |    54 ||    54
Throw: Dart              |       |       |       |    23 ||    23
Evoke: Wand              |       |       |     1 |       ||     1
  Use: Scroll            |       |       |    20 |     7 ||    27
       Potion            |       |       |     1 |       ||     1
 Stab: Sleeping          |    16 |       |    13 |    11 ||    40
       Distracted        |       |       |     2 |       ||     2
       Paralysed         |       |       |    10 |    26 ||    36
Armor: Robe              |     1 |       |       |       ||     1
       Ring mail         |    18 |    16 |   131 |    74 ||   239
       Skin              |       |       |     4 |       ||     4
       Troll leather arm |       |       |       |    66 ||    66
Dodge: Dodged            |    35 |    15 |   228 |   329 ||   607
Block: Buckler           |       |       |       |   171 ||   171
       Reflection        |       |       |       |    12 ||    12

Table legend: (Time is in decaauts)
 A = Elapsed time spent in this place.
 B = Non-inter-level travel time spent in this place.
 C = Inter-level travel time spent in this place.
 D = Time resting spent in this place.
 E = Time spent auto-exploring this place.
 F = Levels seen in this place.
 G = Mean time per level.
                   A        B        C        D        E       F      G
               +--------+--------+--------+--------+--------+-----+--------+
         Total |  10549 |   9750 |    799 |    116 |   6717 |  16 |  659.3 |
       Dungeon |   9418 |   8619 |    799 |    116 |   6160 |  12 |  784.8 |
          Lair |      4 |      4 |      0 |      0 |      0 |   1 |    4.0 |
         Sewer |    817 |    817 |      0 |      0 |    553 |   1 |  817.0 |
       Ossuary |    153 |    153 |      0 |      0 |      4 |   1 |  153.0 |
      Gauntlet |    155 |    155 |      0 |      0 |      0 |   1 |  155.0 |
               +--------+--------+--------+--------+--------+-----+--------+

Top non-repeatable levels by time:
    D:10: 1776 daAuts
     D:5: 1070 daAuts
     D:8: 900 daAuts
     D:7: 849 daAuts
     D:1: 832 daAuts
   Sewer: 817 daAuts
     D:4: 813 daAuts
     D:2: 716 daAuts
     D:9: 716 daAuts
    D:11: 622 daAuts
     D:6: 530 daAuts
     D:3: 464 daAuts
Gauntlet: 155 daAuts
 Ossuary: 153 daAuts
    D:12: 125 daAuts
